 Dungeon Crawl Stone Soup version 0.22-a0-866-geee5034 (webtiles) character file.

25 Leszczynek the Sneak (level 2, -2/18 HPs)
             Began as a Deep Elf Monk on July 28, 2018.
             Slain by an orc
             ... wielding a +0 flail
              (8 damage)
             ... on level 3 of the Dungeon.
             The game lasted 00:05:19 (624 turns).

Leszczynek the Sneak (Deep Elf Monk)                 Turns: 624, Time: 00:05:20

Health: -2/18      AC:  2    Str:  8    XL:     2   Next: 86%
Magic:  4/4        EV: 14    Int: 14    God:
Gold:   88         SH:  0    Dex: 17    Spells: 1/1 levels left

rFire    . . .     SeeInvis .   a - +0 rapier
rCold    . . .     Gourm    .   (no shield)
rNeg     . . .     Faith    .   b - +0 robe
rPois    .         Spirit   .   (no helmet)
rElec    .         Reflect  .   (no cloak)
rCorr    .         Harm     .   (no gloves)
MR       .....                  (no boots)
Stlth    ++........             (no amulet)
HPRegen  0.06/turn              h - ring of attention (curse)
MPRegen  0.09/turn              (no ring)

@: no status effects
A: no striking features
a: no special abilities


You were on level 3 of the Dungeon.
You were not hungry.

You visited 1 branch of the dungeon, and saw 3 of its levels.

You collected 88 gold pieces.

Inventory:

Hand Weapons
 a - a +0 rapier (weapon)
 j - a +0 short sword
Missiles
 g - 19 stones (quivered)
Armour
 b - a +0 robe (worn)
Jewellery
 h - a cursed ring of attention (left hand)
Scrolls
 i - 2 scrolls of magic mapping {unknown}
Potions
 c - a potion of haste {unknown}
 e - a potion of curing {@q1}
 f - a potion of brilliance {unknown}
Comestibles
 d - 2 rations
 k - a chunk of flesh


   Skills:
 - Level 2.4 Fighting
 - Level 3.0 Short Blades
 - Level 3.6 Dodging
 + Level 4.4 Stealth


You had one spell level left.
You didn't know any spells.
Your spell library was empty.

Dungeon Overview and Level Annotations

Branches:
Dungeon (3/15)

Altars:


Message History

You closely miss the orc. The orc misses you.
You completely miss the orc. The orc hits you with a flail.
* * * LOW HITPOINT WARNING * * *
The kobold throws a stone.
The stone misses you.
You see here a stone.
The kobold throws a stone.
The stone barely misses you.
The kobold throws a stone.
The stone hits you but does no damage.
You see here 4 stones.
Things that are here:
a flail; a leather armour; an orc corpse
Things that are here:
a club; a leather armour It was a potion of curing.
You feel better. The orc barely misses you.
You hit the orc but do no damage. You barely miss the orc.
The orc barely misses you.
You barely miss the orc. The orc hits you with a flail.
You hit the orc.
The orc is almost dead.
The orc hits you with a flail!
You die...

#.........##.#### #.
# #.........##.#.<#.#
# #
#.....)...##.#.##.#.#
#
######.#####........#
#.......##..........
#.).....##....(...##
#...K...##........#
####o#####........#
#@#####........#
#..............#
################


You could see an orc and a kobold.

Vanquished Creatures
  2 dart slugs (D:1)
  2 orcs (D:3)
  A ball python (D:3)
  A bat (D:2)
  A giant cockroach (D:1)
  4 goblins
  A hobgoblin (D:3)
  A kobold (D:1)
  3 frilled lizards
  2 rats (D:1)
18 creatures vanquished.

Notes
Turn   | Place    | Note
-------+----------+-------------------------------------------
     0 | D:1      | Leszczynek the Deep Elf Monk began the quest for the Orb.
     0 | D:1      | Reached XP level 1. HP: 13/13 MP: 3/3
    58 | D:2      | Reached skill level 3 in Stealth
   145 | D:1      | Reached XP level 2. HP: 10/18 MP: 4/4
   357 | D:3      | Ouch! That really hurt!
   442 | D:2      | Reached skill level 4 in Stealth
   605 | D:3      | HP: 3/18 [orc/flail (4)]
   624 | D:3      | Slain by an orc

Vault maps used:
D:1:      dpeg_arrival_shelter, hangedman_abyss_or_decor_lesser_grid
D:2:      serial_forest, infiniplex_forest_end_1, infiniplex_forest_lined_1,
          infiniplex_forest_lined_corner, infiniplex_forest_corner_1,
          infiniplex_forest_clump_long, infiniplex_forest_corner_1,
          infiniplex_forest_side_room, infiniplex_forest_clump_double,
          infiniplex_forest_straight_1, first_ration, lemuel_blue_sif_altar,
          uniq_robin

Skill      XL: |  1  2 |
---------------+-------+-----
Stealth        | 3 4 |  4.4
Fighting       | |  2.4
Short Blades   | |  3.0
Dodging        | |  3.6

Action                   || total
-------------------------++-------
Melee: Short sword       ||    33
       Rapier            ||    29
Throw: Stone             ||     7
  Use: Potion            ||     1
 Stab: Distracted        ||     1
Armor: Robe              ||     9
Dodge: Dodged            ||    49

Table legend:
 A = Spawn XP
 B = Non-spawn XP
 C = Spawn XP percentage of total XP
 D = Spawn monster count
 E = Non-spawn monster count
 F = Spawn count percentage of total count
 G = Total turns spent on level
                    A         B        C        D         E        F      G
               +---------+---------+-------+---------+---------+-------+---------
         Total |       0 |      37 |   0.0 |       0 |      18 |   0.0 |   624
               +---------+---------+-------+---------+---------+-------+---------
           D:1 |       0 |      20 |   0.0 |       0 |      10 |   0.0 |   235
           D:2 |       0 |       4 |   0.0 |       0 |       2 |   0.0 |   149
           D:3 |       0 |      13 |   0.0 |       0 |       6 |   0.0 |   240
               +---------+---------+-------+---------+---------+-------+---------
